EVO
VANDERBILT UNIVERSITY COMMODORES @ UCLA BRUINS
09/13/2047
 
TOP OF THE 1ST
Vanderbilt University Commodores batting - Pitching for UCLA Bruins : RHP Billy McKinzie
Pitching: RHP Billy McKinzie
Batting: LHB Dennis French 0-0: Ball
1-0: Ball
2-0: SOLO HOME RUN (Flyball, 9LD, EV 94.4 MPH), Distance : 353 ft
Batting: RHB Mike Weeks 0-0: Called Strike
0-1: Foul Ball, location: 2F
0-2: Foul Ball, location: 2F
0-2: Foul Ball, location: 2F
0-2: Strikes out swinging
Batting: RHB Jose Ramos 0-0: Ball
1-0: Swinging Strike
1-1: Ground out 6-3 (Groundball, 6, EV 97.5 MPH)
Batting: LHB Tony Olmos 0-0: Foul Ball, location: 2F
0-1: Ball
1-1: Called Strike
1-2: Ground out U3 (Groundball, 34S, EV 85.6 MPH)
Top of the 1st over - 1 run, 1 hit, 0 errors, 0 left on base; Vanderbilt University 1 - UCLA 0
BOTTOM OF THE 1ST
UCLA Bruins batting - Pitching for Vanderbilt University Commodores : RHP Brad Nathan
Pitching: RHP Brad Nathan
Batting: LHB Luis Ortegon 0-0: Swinging Strike
0-1: Ball
1-1: Ball
2-1: Foul Ball, location: 2F
2-2: Ground out 1-3 (Groundball, 15, EV 68.1 MPH)
Batting: LHB Mark Cummings 0-0: Ball
1-0: Ground out 4-3 (Groundball, 4, EV 107.5 MPH)
Batting: RHB Issac Konol 0-0: Swinging Strike
0-1: Ball
1-1: Ball
2-1: Foul Ball, location: 2F
2-2: Foul Ball, location: 2F
2-2: Strikes out swinging
Bottom of the 1st over - 0 runs, 0 hits, 0 errors, 0 left on base; Vanderbilt University 1 - UCLA 0
TOP OF THE 2ND
Vanderbilt University Commodores batting - Pitching for UCLA Bruins : RHP Billy McKinzie
Batting: RHB Jelani Griffin 0-0: Ball
1-0: Swinging Strike
1-1: Called Strike
1-2: Foul Ball, location: 2F
1-2: Strikes out swinging
Batting: LHB Garret Mathis 0-0: Swinging Strike
0-1: Ball
1-1: Ball
2-1: Ball
3-1: Called Strike
3-2: Foul Ball, location: 2F
3-2: Base on Balls
Batting: RHB Mel Bohorquez 0-0: SINGLE (Groundball, 56D, EV 96.9 MPH)
Garret Mathis to second
Batting: LHB Ryan Adams 0-0: Ball
1-0: Ball
2-0: Reached on error, E2 (Groundball, 15S, EV 67.5 MPH)
Garret Mathis scores
Mel Bohorquez to third
Batting: RHB Ryan Wright 0-0: Swinging Strike
0-1: Foul Ball, location: 2F
0-2: Foul Ball, location: 2F
0-2: Ball
1-2: Ground out 5-3 (Groundball, 5S, EV 86.2 MPH)
Batting: LHB Dennis French 0-0: Ball
1-0: Ground out 6-3 (Groundball, 6, EV 79.4 MPH)
Top of the 2nd over - 1 run, 1 hit, 1 error, 2 left on base; Vanderbilt University 2 - UCLA 0
BOTTOM OF THE 2ND
UCLA Bruins batting - Pitching for Vanderbilt University Commodores : RHP Brad Nathan
Batting: RHB Andy Knerr 0-0: Ball
1-0: Swinging Strike
1-1: Swinging Strike
1-2: DOUBLE (Flyball, 89XD, EV 89.4 MPH)
Batting: LHB Scott Mullett 0-0: Ball
1-0: Ball
2-0: Called Strike
2-1: Foul Ball, location: 2F
2-2: Foul Ball, location: 2F
2-2: Fly out, F8 (Flyball, 8RM, EV 87.5 MPH)
Batting: RHB Dave Spradley 0-0: Ball
1-0: Ball
2-0: Foul Ball, location: 2F
2-1: Ball
3-1: SINGLE (Groundball, 34D, EV 96.2 MPH)
Andy Knerr to third
Runner from 3rd tries for Home, SAFE, throw by RF to home
Batting: SHB Dan Trainer 0-0: Ball
1-0: Ball
2-0: Swinging Strike
2-1: Called Strike
2-2: Strikes out swinging
Batting: RHB Michael Alvarado 0-0: Ball
1-0: Fly out, F4 (Popup, 13S, EV 84.4 MPH)
Bottom of the 2nd over - 1 run, 2 hits, 0 errors, 1 left on base; Vanderbilt University 2 - UCLA 1
TOP OF THE 3RD
Vanderbilt University Commodores batting - Pitching for UCLA Bruins : RHP Billy McKinzie
Batting: RHB Mike Weeks 0-0: Ball
1-0: Fly out, F4 (Line Drive, 4M, EV 60.6 MPH)
Batting: RHB Jose Ramos 0-0: Swinging Strike
0-1: Fly out, F9 (Flyball, 9, EV 91.2 MPH)
Batting: LHB Tony Olmos 0-0: Fly out, F8 (Flyball, 8RS, EV 80.6 MPH)
Top of the 3rd over - 0 runs, 0 hits, 0 errors, 0 left on base; Vanderbilt University 2 - UCLA 1
BOTTOM OF THE 3RD
UCLA Bruins batting - Pitching for Vanderbilt University Commodores : RHP Brad Nathan
Batting: RHB Ken Hillman 0-0: Ball
1-0: Swinging Strike
1-1: Ground out 5-3 (Groundball, 56S, EV 84.4 MPH)
Batting: LHB Luis Ortegon 0-0: Called Strike
0-1: Ground out 3-1 (Groundball, 34, EV 89.4 MPH)
Batting: LHB Mark Cummings 0-0: Ball
1-0: Ball
2-0: Called Strike
2-1: SINGLE (Line Drive, 4D, EV 95.6 MPH)
Batting: RHB Issac Konol 0-0: Ball
1-0: Called Strike
1-1: SINGLE (Line Drive, 5D, EV 94.4 MPH)
Mark Cummings to second
Runner from 2nd tries for 3rd, SAFE, no throw by LF
Batting: RHB Andy Knerr 0-0: Called Strike
0-1: Foul Ball, location: 2F
0-2: Strikes out swinging
Bottom of the 3rd over - 0 runs, 2 hits, 0 errors, 2 left on base; Vanderbilt University 2 - UCLA 1
TOP OF THE 4TH
Vanderbilt University Commodores batting - Pitching for UCLA Bruins : RHP Billy McKinzie
Batting: RHB Jelani Griffin 0-0: Ball
1-0: Ball
2-0: Swinging Strike
2-1: Ball
3-1: Ground out 6-3 (Groundball, 6, EV 88.1 MPH)
Batting: LHB Garret Mathis 0-0: Swinging Strike
0-1: Swinging Strike
0-2: Ball
1-2: Ground out 4-3 (Groundball, 4, EV 82.5 MPH)
Batting: RHB Mel Bohorquez 0-0: Foul Ball, location: 2F
0-1: Called Strike
0-2: Ball
1-2: Fly out, F8 (Flyball, 89D, EV 108.8 MPH)
Top of the 4th over - 0 runs, 0 hits, 0 errors, 0 left on base; Vanderbilt University 2 - UCLA 1
BOTTOM OF THE 4TH
UCLA Bruins batting - Pitching for Vanderbilt University Commodores : RHP Brad Nathan
Batting: LHB Scott Mullett 0-0: Foul Ball, location: 2F
0-1: Ground out U3 (Groundball, 3, EV 89.4 MPH)
Batting: RHB Dave Spradley 0-0: Ball
1-0: Fly out, F9 (Line Drive, 9, EV 96.2 MPH)
Batting: SHB Dan Trainer 0-0: Called Strike
0-1: Swinging Strike
0-2: Foul Ball, location: 2F
0-2: Ball
1-2: Ball
2-2: Ball
3-2: Foul Ball, location: 2F
3-2: SINGLE (Groundball, 4, EV 96.2 MPH)
Batting: RHB Michael Alvarado 0-0: Ball
1-0: Ground out 4-3 (Groundball, 4MS, EV 78.8 MPH)
Bottom of the 4th over - 0 runs, 1 hit, 0 errors, 1 left on base; Vanderbilt University 2 - UCLA 1
TOP OF THE 5TH
Vanderbilt University Commodores batting - Pitching for UCLA Bruins : RHP Billy McKinzie
Batting: LHB Ryan Adams 0-0: Ball
1-0: Foul Ball, location: 2F
1-1: Foul Ball, location: 2F
1-2: Strikes out swinging
Batting: RHB Ryan Wright 0-0: Ball
1-0: Ball
2-0: Reached on error, E6 (Groundball, 6, EV 90.0 MPH)
Batting: LHB Dennis French 0-0: Called Strike
0-1: Ball
1-1: Ball
2-1: Foul Ball, location: 2F
2-2: Ball
3-2: Strikes out swinging
Batting: RHB Mike Weeks 0-0: 2-RUN HOME RUN (Flyball, 7D, EV 98.8 MPH), Distance : 394 ft
Batting: RHB Jose Ramos 0-0: Ball
1-0: Foul Ball, location: 2F
1-1: Ground out 4-3 (Groundball, 4, EV 84.4 MPH)
Top of the 5th over - 2 runs, 1 hit, 1 error, 0 left on base; Vanderbilt University 4 - UCLA 1
BOTTOM OF THE 5TH
UCLA Bruins batting - Pitching for Vanderbilt University Commodores : RHP Brad Nathan
Batting: RHB Ken Hillman 0-0: Ball
1-0: Called Strike
1-1: Swinging Strike
1-2: Fly out, F7 (Line Drive, 78M, EV 93.8 MPH)
Batting: LHB Luis Ortegon 0-0: Ball
1-0: Ground out 6-3 (Groundball, 6, EV 81.2 MPH)
Batting: LHB Mark Cummings 0-0: Called Strike
0-1: Ball
1-1: Ground out 4-3 (Groundball, 4S, EV 64.4 MPH)
Bottom of the 5th over - 0 runs, 0 hits, 0 errors, 0 left on base; Vanderbilt University 4 - UCLA 1
TOP OF THE 6TH
Vanderbilt University Commodores batting - Pitching for UCLA Bruins : RHP Billy McKinzie
Batting: LHB Tony Olmos 0-0: Swinging Strike
0-1: Ball
1-1: Ball
2-1: SOLO HOME RUN (Flyball, 9LD, EV 93.1 MPH), Distance : 332 ft
Pitching: RHP Juan Zatarain
Batting: RHB Jelani Griffin 0-0: Foul Ball, location: 2F
0-1: Foul Ball, location: 2F
0-2: Strikes out swinging
Batting: LHB Garret Mathis 0-0: Foul Ball, location: 2F
0-1: Fly out, F8 (Flyball, 89M, EV 92.5 MPH)
Batting: RHB Mel Bohorquez 0-0: Ball
1-0: Ground out 4-3 (Groundball, 4MS, EV 74.4 MPH)
Top of the 6th over - 1 run, 1 hit, 0 errors, 0 left on base; Vanderbilt University 5 - UCLA 1
BOTTOM OF THE 6TH
UCLA Bruins batting - Pitching for Vanderbilt University Commodores : RHP Brad Nathan
Batting: RHB Issac Konol 0-0: Called Strike
0-1: Ball
1-1: Swinging Strike
1-2: Fly out, F8 (Flyball, 78D, EV 96.9 MPH)
Batting: RHB Andy Knerr 0-0: Called Strike
0-1: SINGLE (Line Drive, 4D, EV 96.2 MPH)
Batting: LHB Scott Mullett 0-0: Ball
1-0: Called Strike
1-1: Ball
2-1: Foul Ball, location: 2F
2-2: Ball
3-2: SINGLE (Flyball, 56D, EV 80.6 MPH)
Andy Knerr to second
Andy Knerr to third
Pitching: RHP Tyler Patel
Batting: RHB Dave Spradley 0-0: Called Strike
0-1: Foul Ball, location: 2F
0-2: Fly out, F7 (Line Drive, 78M, EV 105.0 MPH)
Batting: SHB Dan Trainer 0-0: Ball
1-0: Ball
2-0: SINGLE (Groundball, 25, EV 63.1 MPH) (infield hit)
Andy Knerr scores
Scott Mullett to second
Batting: RHB Michael Alvarado 0-0: Ball
1-0: Ball
2-0: Called Strike
2-1: Foul Ball, location: 2F
2-2: Ball
3-2: Foul Ball, location: 2F
3-2: Base on Balls
Scott Mullett to third
Dan Trainer to second
Pinch Hitting: RHB Alejandro Patron 0-0: Ball
1-0: Foul Ball, location: 2F
1-1: Ground out 2-3 (Groundball, 15S, EV 65.0 MPH)
Bottom of the 6th over - 1 run, 3 hits, 0 errors, 3 left on base; Vanderbilt University 5 - UCLA 2
TOP OF THE 7TH
Vanderbilt University Commodores batting - Pitching for UCLA Bruins : RHP Juan Zatarain
Pitching: LHP Kenny Coolbaugh
Now at 3B: Alejandro Patron
Batting: LHB Ryan Adams 0-0: Ball
1-0: Ball
2-0: Ball
3-0: Called Strike
3-1: SINGLE (Groundball, 4S, EV 72.5 MPH) (infield hit)
Batting: RHB Ryan Wright 0-0: Called Strike
0-1: Fly out, F7 (Flyball, 7, EV 90.6 MPH)
Pitching: RHP Luis de Jesus
Batting: LHB Dennis French 0-0: Fly out, F9 (Line Drive, 89M, EV 87.5 MPH)
Batting: RHB Mike Weeks 0-0: Swinging Strike
0-1: Swinging Strike
0-2: Ball
1-2: Strikes out looking
Top of the 7th over - 0 runs, 1 hit, 0 errors, 1 left on base; Vanderbilt University 5 - UCLA 2
BOTTOM OF THE 7TH
UCLA Bruins batting - Pitching for Vanderbilt University Commodores : RHP Tyler Patel
Batting: LHB Luis Ortegon 0-0: Called Strike
0-1: Ball
1-1: Swinging Strike
1-2: Ball
2-2: Ball
3-2: Base on Balls
Batting: LHB Mark Cummings 0-0: Swinging Strike
Luis Ortegon is caught stealing 2nd base 2-6
0-1: Ball
1-1: Foul Ball, location: 2F
1-2: Strikes out swinging
Batting: RHB Issac Konol 0-0: Fly out, F9 (Line Drive, 9, EV 95.0 MPH)
Bottom of the 7th over - 0 runs, 0 hits, 0 errors, 0 left on base; Vanderbilt University 5 - UCLA 2
TOP OF THE 8TH
Vanderbilt University Commodores batting - Pitching for UCLA Bruins : RHP Luis de Jesus
Batting: RHB Jose Ramos 0-0: Foul Ball, location: 2F
0-1: Ball
1-1: Ball
2-1: Ball
3-1: Swinging Strike
3-2: Foul Ball, location: 2F
3-2: Foul Ball, location: 2F
3-2: Foul Ball, location: 2F
3-2: Fly out, F2 (Popup, 23F, EV 91.2 MPH)
Batting: LHB Tony Olmos 0-0: Ball
1-0: Foul Ball, location: 2F
1-1: Ball
2-1: Ball
3-1: Foul Ball, location: 2F
3-2: Fly out, F8 (Flyball, 8RD, EV 97.5 MPH)
Batting: RHB Jelani Griffin 0-0: Ball
1-0: Ball
2-0: Ball
3-0: Called Strike
3-1: Called Strike
3-2: Foul Ball, location: 2F
3-2: Foul Ball, location: 2F
3-2: Foul Ball, location: 2F
3-2: Foul Ball, location: 2F
3-2: Strikes out looking
Top of the 8th over - 0 runs, 0 hits, 0 errors, 0 left on base; Vanderbilt University 5 - UCLA 2
BOTTOM OF THE 8TH
UCLA Bruins batting - Pitching for Vanderbilt University Commodores : RHP Tyler Patel
Batting: RHB Andy Knerr 0-0: Ball
1-0: Ball
2-0: Foul Ball, location: 2F
2-1: Foul Ball, location: 2F
2-2: SINGLE (Line Drive, 9S, EV 93.1 MPH)
Pitching: LHP Ron Rubino
Batting: LHB Scott Mullett 0-0: Ball
1-0: Ball
2-0: Ball
3-0: Called Strike
3-1: Called Strike
3-2: SINGLE (Line Drive, 8LS, EV 101.2 MPH)
Andy Knerr to second
Pitching: RHP Alex Guzman
Batting: RHB Dave Spradley 0-0: Ball
1-0: Fly out, F9 (Line Drive, 89M, EV 91.2 MPH)
Runner from 2nd tags up, OUT at 3rd! 9-5
Batting: SHB Dan Trainer 0-0: Ball
1-0: Ball
2-0: Foul Ball, location: 2F
2-1: Ball
3-1: Called Strike
3-2: Base on Balls
Scott Mullett to second
Batting: RHB Michael Alvarado 0-0: Foul Ball, location: 2F
0-1: Ball
1-1: SINGLE (Groundball, 56D, EV 96.2 MPH)
Scott Mullett to third
Dan Trainer to second
Runner from 3rd tries for Home, SAFE, throw by LF to home
Pinch Hitting: SHB Mike Beck 0-0: Ball
1-0: Ball
2-0: Foul Ball, location: 2F
2-1: Ground out 4-3 (Groundball, 4, EV 86.2 MPH)
Bottom of the 8th over - 1 run, 3 hits, 0 errors, 2 left on base; Vanderbilt University 5 - UCLA 3
TOP OF THE 9TH
Vanderbilt University Commodores batting - Pitching for UCLA Bruins : RHP Luis de Jesus
Pitching: RHP Quincy Bowen
Now at 3B: Mike Beck
Batting: LHB Garret Mathis 0-0: Ball
1-0: Ball
2-0: Ball
3-0: Called Strike
3-1: Ground out 5-3 (Groundball, 56S, EV 84.4 MPH)
Batting: RHB Mel Bohorquez 0-0: Ball
1-0: Ball
2-0: Called Strike
2-1: Foul Ball, location: 2F
2-2: Foul Ball, location: 2F
2-2: Foul Ball, location: 2F
2-2: Ball
3-2: Strikes out swinging
Batting: LHB Ryan Adams 0-0: Ball
1-0: Ball
2-0: Swinging Strike
2-1: Foul Ball, location: 2F
2-2: Ground out 4-3 (Groundball, 4S, EV 90.6 MPH)
Top of the 9th over - 0 runs, 0 hits, 0 errors, 0 left on base; Vanderbilt University 5 - UCLA 3
BOTTOM OF THE 9TH
UCLA Bruins batting - Pitching for Vanderbilt University Commodores : RHP Alex Guzman
Pitching: LHP Tim Dyer
Batting: LHB Luis Ortegon 0-0: Called Strike
0-1: Ball
1-1: SINGLE (Line Drive, 4D, EV 99.4 MPH)
Pinch Hitting: RHB Adam Beal 0-0: Called Strike
0-1: Ball
1-1: Ball
2-1: Foul Ball, location: 2F
2-2: Strikes out swinging
Batting: RHB Issac Konol 0-0: 2-RUN HOME RUN (Flyball, 78XD, EV 108.1 MPH), Distance : 416 ft
Batting: RHB Andy Knerr 0-0: Ball
1-0: Swinging Strike
1-1: Swinging Strike
1-2: Foul Ball, location: 2F
1-2: Strikes out swinging
Batting: LHB Scott Mullett 0-0: Ball
1-0: Called Strike
1-1: SINGLE (Flyball, 6D, EV 93.8 MPH)
Batting: RHB Dave Spradley 0-0: Swinging Strike
0-1: Foul Ball, location: 2F
0-2: Ball
1-2: Strikes out swinging
Bottom of the 9th over - 2 runs, 3 hits, 0 errors, 1 left on base; Vanderbilt University 5 - UCLA 5
TOP OF THE 10TH
Vanderbilt University Commodores batting - Pitching for UCLA Bruins : RHP Quincy Bowen
Pitching: RHP Kyle Mann
Now in CF: Sean Munns
Pinch Hitting: LHB Jessie Whedbee 0-0: SINGLE (Groundball, 4D, EV 105.0 MPH)
Batting: LHB Dennis French 0-0: Foul Ball, location: 2F
0-1: Foul Ball, location: 2F
0-2: Ball
1-2: Strikes out looking
Batting: RHB Mike Weeks 0-0: Called Strike
0-1: Ball
1-1: Ball
2-1: SINGLE (Groundball, 56, EV 94.4 MPH)
Jessie Whedbee to second
Batting: RHB Jose Ramos 0-0: Reached via error on a dropped throw from 2B, E6 (Groundball, 4, EV 108.1 MPH)
Jessie Whedbee to third
Mike Weeks to second
Batting: LHB Tony Olmos 0-0: Fly out, F7 (Flyball, 78M, EV 85.6 MPH)
Runner from 3rd tags up, SCORES, throw by LF
Batting: RHB Jelani Griffin 0-0: Ball
1-0: Ball
2-0: Fielders Choice at 2nd, 6-4 (Groundball, 6, EV 110.0 MPH)
Top of the 10th over - 1 run, 2 hits, 1 error, 2 left on base; Vanderbilt University 6 - UCLA 5
BOTTOM OF THE 10TH
UCLA Bruins batting - Pitching for Vanderbilt University Commodores : LHP Tim Dyer
Pitching: RHP Matt Lane
Now at C: Pakiana Kileona
Batting: SHB Dan Trainer 0-0: Called Strike
0-1: Called Strike
0-2: Ball
1-2: Ground out U3 (Groundball, 3S, EV 81.2 MPH)
Batting: RHB Michael Alvarado 0-0: Fly out, F8 (Flyball, 8RD, EV 93.1 MPH)
Batting: SHB Mike Beck 0-0: Fly out, F9 (Flyball, 9LMF, EV 91.2 MPH)
Bottom of the 10th over - 0 runs, 0 hits, 0 errors, 0 left on base; Vanderbilt University 6 - UCLA 5
Thursday, December 15th , 2022 - OOTP Baseball 23.9 Build 102